 Dungeon Crawl Stone Soup version 0.21.0-3-g78d12a8 (webtiles) character file.

742 tidbits the Sneak (level 7, -15/38 HPs)
             Began as a Vine Stalker Air Elementalist on Jan 10, 2018.
             Killed from afar by a steam dragon (22 damage)
             ... with a ball of steam
             ... on level 7 of the Dungeon.
             The game lasted 00:17:51 (2017 turns).

tidbits the Sneak (Vine Stalker Air Elementalist)   Turns: 2017, Time: 00:17:51

Health: -15/38     AC:  8    Str: 12    XL:     7   Next: 76%
Magic:  0/20       EV: 12    Int: 15    God:
Gold:   112        SH:  0    Dex: 15    Spells: 9/10 levels left

rFire    . . .     SeeInvis +   j - +0 dagger (drain)
rCold    . . .     Gourm    .   (no shield)
rNeg     + . .     Faith    .   B - +3 leather armour {rN+}
rPois    .         Spirit   +   E - +0 helmet
rElec    .         Reflect  .   C - scarf {cloud immunity}
rCorr    .         Harm     .   (no gloves)
MR       .....                  F - +0 pair of boots
Stlth    +++.......             e - amulet of magic regeneration
HPRegen  0.52/turn              I - ring of see invisible
MPRegen  0.42/turn              s - ring of magical power

@: no status effects
A: fangs 2, regeneration 1, magic shield, antimagic bite, no potion heal 3, rot
immunity
a: no special abilities


You were on level 7 of the Dungeon.
You were not hungry.

You visited 1 branch of the dungeon, and saw 8 of its levels.

You collected 232 gold pieces.
You spent 120 gold pieces at shops.

Inventory:

Hand Weapons
 a - a +0 hand axe of flaming
   (You found it on level 1 of the Dungeon)
 f - a +0 dagger
 j - a +0 dagger of draining (weapon)
   (You took it off an orc wizard on level 3 of the Dungeon)
Missiles
 g - 40 stones (quivered)
 h - 46 arrows
Armour
 r - a +0 ring mail
 t - a +0 robe
 B - a +3 leather armour of positive energy (worn)
   (You took it off an orc on level 6 of the Dungeon)
 C - a scarf of cloud immunity (worn)
   (You found it on level 4 of the Dungeon)
 E - a +0 helmet (worn)
 F - a +0 pair of boots (worn)
Jewellery
 e - an amulet of magic regeneration (around neck)
   (You found it on level 1 of the Dungeon)
 s - a ring of magical power (right hand)
   (You found it on level 4 of the Dungeon)
 I - a ring of see invisible (left hand)
   (You found it on level 3 of the Dungeon)
Wands
 d - a wand of digging (11)
Scrolls
 l - 2 scrolls of fog
 n - a scroll of amnesia
 q - 4 scrolls of teleportation
 u - a scroll of identify
 w - a scroll of magic mapping {unknown}
Potions
 i - a potion of berserk rage {unknown}
 k - a potion of magic
 m - 2 potions of ambrosia
 o - 4 potions of flight
 p - a potion of curing {unknown}
 v - a potion of agility
Books
 b - a book of Air

   Spells                             Type                      Level
   a - Shock                          Conjuration/Air              1
   b - Swiftness                      Charms/Air                   2
   c - Static Discharge               Conjuration/Air              3
   d - Airstrike                      Air                          4
   e - Lightning Bolt                 Conjuration/Air              5
Comestibles
 c - 5 rations


   Skills:
 + Level 4.7 Fighting
 + Level 1.9 Short Blades
 - Level 1.7 Dodging
 + Level 7.5 Stealth
 - Level 2.3 Spellcasting
 - Level 1.2 Conjurations
 - Level 3.1 Air Magic


You had 9 spell levels left.
You knew the following spells:

 Your Spells              Type           Power        Failure   Level  Hunger
a - Shock                 Conj/Air       #...         11%         1    #......


Dungeon Overview and Level Annotations

Branches:
Dungeon (8/15)
 Temple: D:4-7         Lair: D:8-11

Altars:
Hepliaklqana
Makhleb
Qazlal
Sif Muna
Trog
Uskayaw
Vehumet
Wu Jian
Xom

Shops:
D:4 (?*   D:6 (}[=

Annotations:
D:4 exclusion: worker ant
D:5 exclusion: ogre, Menkaure


Innate Abilities, Weirdness & Mutations

You have extremely sharp teeth.
Your natural rate of healing is unusually fast.
When hurt, damage is shared between your health and your magic reserves.
Your bite disrupts and absorbs the magic of your enemies.
Potions cannot restore your health.
You are immune to rotting.


Message History

The ball of steam misses you.
The black bear is engulfed in a cloud of scalding steam.
Found a ring mail.
Unknown command.
Casting: Shock
Confirm with . or Enter, or press ? or * to list all spells.
Aiming: Shock
Press: ? - help, Shift-Dir - straight line The zap hits the black bear.
The black bear is severely wounded.
The zap misses the steam dragon.
You hit the black bear. You bite the black bear. You drain its power.
You feel invigorated.
The black bear is almost dead.
The black bear is engulfed in a cloud of scalding steam.
The black bear goes berserk!
Unknown command.
Casting: Shock
Confirm with . or Enter, or press ? or * to list all spells.
Aiming: Shock
Press: ? - help, Shift-Dir - straight line
Okay, then.
You hit the black bear but do no damage.
You drain the black bear!
You kill the black bear!
The steam dragon breathes steam at you. The ball of steam hits you!
* * * LOW HITPOINT WARNING * * *
Casting: Shock
Confirm with . or Enter, or press ? or * to list all spells.
Aiming: Shock
Press: ? - help, Shift-Dir - straight line The zap hits the steam dragon.
The steam dragon appears unharmed.
The steam dragon is heavily wounded.
The zap hits the steam dragon.
The steam dragon is heavily wounded.
Casting: Shock
Confirm with . or Enter, or press ? or * to list all spells.
Aiming: Shock
Press: ? - help, Shift-Dir - straight line The zap hits the steam dragon.
The steam dragon is heavily wounded.
The zap hits the steam dragon.
The steam dragon appears unharmed.
The steam dragon is heavily wounded.
Casting: Shock
Confirm with . or Enter, or press ? or * to list all spells.
Aiming: Shock
Press: ? - help, Shift-Dir - straight line The zap hits the steam dragon.
The steam dragon is heavily wounded.
The zap hits the steam dragon.
The steam dragon is severely wounded.
The steam dragon breathes steam at you. The ball of steam hits you!
* * * LOW HITPOINT WARNING * * *
Casting: Shock
Confirm with . or Enter, or press ? or * to list all spells.
Aiming: Shock
Press: ? - help, Shift-Dir - straight line The zap misses the steam dragon.
The zap hits the steam dragon.
The steam dragon is severely wounded.
The steam dragon barely misses you. x2
Casting: Shock
Confirm with . or Enter, or press ? or * to list all spells.
Aiming: Shock
Press: ? - help, Shift-Dir - straight line The zap misses the steam dragon. x2
The steam dragon breathes steam at you. The ball of steam misses you.
You hear two shouts!
Casting: Shock
Confirm with . or Enter, or press ? or * to list all spells.
Aiming: Shock
Press: ? - help, Shift-Dir - straight line The zap misses the steam dragon.
The zap hits the steam dragon.
The steam dragon is almost dead.
The steam dragon bites you.
* * * LOW HITPOINT WARNING * * *
The steam dragon claws you but does no damage.
Casting: Shock
Confirm with . or Enter, or press ? or * to list all spells.
Aiming: Shock
Press: ? - help, Shift-Dir - straight line The zap misses the steam dragon.
The zap hits the steam dragon.
The steam dragon is almost dead.
The steam dragon completely misses you. The steam dragon barely misses you.
Casting: Shock
Confirm with . or Enter, or press ? or * to list all spells.
Aiming: Shock
Press: ? - help, Shift-Dir - straight line The zap hits the steam dragon.
The steam dragon appears unharmed.
The steam dragon is almost dead.
The zap misses the steam dragon.
The steam dragon barely misses you.
The steam dragon claws you but does no damage.
You completely miss the steam dragon.
The steam dragon is almost dead.
The steam dragon breathes steam at you. The ball of steam hits you!
Ouch! That really hurt!
You die...

.. .... #.
..#. #.
..#.#. ...#.
#...##
#....# ##
#...#### ..#
#..@D..##.#
#.####.#..#
#..###..#
..§##D.#
#.#§#.......
#.D###......
# #.##
#..... #.
#.# ...[.
####.##§###
.....


You could see a steam dragon.

Vanquished Creatures
  Grinder (D:3)
  A dream sheep (D:7)
  A black bear (D:7)
  A centaur (D:6)
  A scorpion (D:6)
  A bullfrog zombie (D:6)
  A bullfrog skeleton (D:7)
  A hound (D:6)
  A jelly (D:3)
  2 orc wizards
  Jessica (D:3)
  An iguana (D:4)
  Robin (D:3)
  5 adders
  An ooze (D:2)
  A dart slug (D:1)
  2 leopard geckos (D:3)
  9 orcs
  3 giant cockroaches
  8 goblins (D:3)
  11 hobgoblins
  8 jackals
  5 kobolds (D:2)
  A ball python (D:3)
  4 bats
  A frilled lizard (D:4)
  A quokka skeleton (D:7)
  4 rats
78 creatures vanquished.

Vanquished Creatures (others)
  4 dream sheep (D:7)
4 creatures vanquished.

Grand Total: 82 creatures vanquished

Notes
Turn   | Place    | Note
-------+----------+-------------------------------------------
     0 | D:1      | tidbits the Vine Stalker Air Elementalist began the quest for the Orb.
     0 | D:1      | Reached XP level 1. HP: 9/9 MP: 4/4
   170 | D:2      | Found a burning altar of Makhleb.
   170 | D:2      | Noticed a cacodemon
   173 | D:2      | Noticed a smoke demon
   173 | D:2      | Noticed a hellwing
   178 | D:2      | Reached XP level 2. HP: 13/13 MP: 4/6
   232 | D:2      | Reached skill level 3 in Stealth
   256 | D:2      | Reached XP level 3. HP: 8/17 MP: 4/7
   278 | D:3      | Reached skill level 1 in Fighting
   360 | D:3      | Noticed Robin
   395 | D:3      | Killed Robin
   395 | D:3      | Reached skill level 4 in Stealth
   395 | D:3      | Gained mutation: Your natural rate of healing is unusually fast. [Vine Stalker growth]
   395 | D:3      | Reached XP level 4. HP: 12/23 MP: 4/8
   437 | D:3      | Found a radiant altar of Vehumet.
   438 | D:3      | Noticed Jessica
   466 | D:3      | Killed Jessica
   466 | D:3      | Reached skill level 2 in Fighting
   578 | D:3      | Found a stormy altar of Qazlal.
   627 | D:3      | Noticed Grinder
   629 | D:3      | Paralysed by Grinder for 3 turns
   650 | D:3      | Killed Grinder
   650 | D:3      | Reached skill level 3 in Fighting
   650 | D:3      | Reached skill level 6 in Stealth
   650 | D:3      | Reached XP level 5. HP: 28/28 MP: 4/9
   650 | D:3      | Reached XP level 6. HP: 32/32 MP: 4/10
  1036 | D:4      | Found Hipt's Assorted Antiques.
  1050 | D:4      | Bought a scroll labeled LUGREC FOENWI for 27 gold pieces
  1050 | D:4      | Bought a bubbling ruby potion for 24 gold pieces
  1050 | D:4      | Bought a scroll labeled NEORU YHILOK for 27 gold pieces
  1102 | D:4      | Reached skill level 4 in Fighting
  1112 | D:4      | Found a bloodstained altar of Trog.
  1125 | D:4      | Noticed a phantom
  1137 | D:4      | Found Egecoyxu's Magic Scroll Shop.
  1145 | D:4      | Reached XP level 7. HP: 37/37 MP: 6/11
  1196 | D:4      | Bought a scroll of teleportation for 42 gold pieces
  1214 | D:4      | Found Osot's Antique Weapon Shoppe.
  1253 | D:4      | Found an ornate altar of the Wu Jian Council.
  1279 | D:5      | Entered Level 5 of the Dungeon
  1311 | D:5      | Noticed Menkaure
  1553 | D:6      | Reached skill level 7 in Stealth
  1663 | D:6      | Found Ugasucre's Armour Boutique.
  1663 | D:6      | Found Naem's Weapon Boutique.
  1667 | D:6      | Found Umiplig's Jewellery Boutique.
  1671 | D:6      | Found Pika's Gadget Boutique.
  1718 | D:6      | Reached skill level 1 in Short Blades
  1792 | D:7      | Noticed a hippogriff
  1932 | D:7      | Noticed a dream sheep
  1932 | D:7      | Noticed a dream sheep
  1932 | D:7      | Noticed a dream sheep
  1932 | D:7      | Noticed a dream sheep
  1932 | D:7      | Noticed a dream sheep
  1932 | D:7      | Found a shimmering altar of Xom.
  1937 | D:7      | Killed a dream sheep
  1938 | D:7      | Killed a dream sheep
  1938 | D:7      | Killed a dream sheep
  1938 | D:7      | Killed a dream sheep
  1939 | D:7      | Killed a dream sheep
  1946 | D:7      | Found a hide-covered altar of Uskayaw.
  1955 | D:8      | Found a hazy altar of Hepliaklqana.
  1955 | D:8      | Found a deep blue altar of Sif Muna.
  1972 | D:8      | Noticed a wyvern
  1987 | D:7      | Noticed a steam dragon
  2017 | D:7      | Killed from afar by a steam dragon

Skill      XL: |  1  2  3  4  5  6  7 |
---------------+----------------------+-----
Stealth        | 3 4 6 7 |  7.5
Fighting       | 1 3 4 |  4.7
Short Blades   | 1 |  1.9
Dodging        | |  1.7
Spellcasting   | |  2.3
Conjurations   | |  1.2
Air Magic      | |  3.1

Action                   |  1- 3 |  4- 6 |  7- 9 || total
-------------------------+-------+-------+-------++-------
Melee: Hand axe          |    23 |     6 |       ||    29
       Bite              |     5 |    10 |    10 ||    25
       Unarmed           |       |     8 |       ||     8
       Dagger            |       |    29 |    34 ||    63
 Cast: Shock             |    43 |    45 |    32 ||   120
Evoke: Wand              |       |     2 |     1 ||     3
  Use: Potion            |       |     4 |     1 ||     5
       Scroll            |       |     3 |     2 ||     5
 Stab: Sleeping          |       |     1 |     4 ||     5
  Eat: Chunk             |       |     2 |     3 ||     5
Armor: Robe              |     6 |     8 |     6 ||    20
       Skin              |       |     3 |       ||     3
       Leather armour    |       |       |     7 ||     7
Dodge: Dodged            |    20 |    27 |    32 ||    79

Table legend:
 A = Turns spent in this place as a percentage of turns spent in the entire game.
 B = Non-inter-level travel turns spent in this place as a percentage of non-inter-level travel turns spent in the entire game.
 C = Inter-level travel turns spent in this place as a percentage of turns spent in this place.
 D = Turns resting spent in this place as a percentage of non-inter-level travel turns spent in this place.
 E = Turns spent auto-exploring this place as a percentage of non-inter-level travel turns spent in this place.
 F = Non-inter-level travel turns spent in this place divided by the number of levels of this place that you've seen.
                   A       B       C       D       E      F
               +-------+-------+-------+-------+-------+----------------------
         Total | 100.0 | 100.0 |   1.5 |   0.2 |   0.0 | 248.2
       Dungeon | 100.0 | 100.0 |   1.5 |   0.2 |   0.0 | 248.2
               +-------+-------+-------+-------+-------+----------------------

Table legend:
 A = Kills in this place as a percentage of kills in entire the game.
 B = Kills by you in this place as a percentage of kills by you in the entire game.
 C = Kills by friends in this place as a percentage of kills by friends in the entire game.
 D = Other kills in this place as a percentage of other kills in the entire game.
 E = Experience gained in this place as a percentage of experience gained in the entire game.
 F = Experience gained in this place divided by the number of levels of this place that you have seen.
                   A       B       C       D       E      F
               +-------+-------+-------+-------+-------+----------------------
         Total | 100.0 | 100.0 |   N/A |   N/A | 100.0 | 132.5
       Dungeon | 100.0 | 100.0 |   N/A |   N/A | 100.0 | 132.5
               +-------+-------+-------+-------+-------+----------------------

Vault maps used:
D:1:      mrwooster_arrival_statue_3
D:2:      makhleb_altar_promises_db, minmay_split_cup_large
D:3:      lemuel_crystal_altar, vehumet_crystals, first_ration, uniq_robin,
          uniq_jessica, uniq_grinder
D:4:      kennysheep_mini_moat, old_standard_altar, serial_shops,
          nicolae_shop_overgrown_old_shop, shop,
          nicolae_shop_overgrown_old_shop, kennysheep_mini, st_stairs_10,
          minmay_hedge_maze
D:5:      lemuel_crystal_altar, serial_shops, nicolae_shop_stone,
          uniq_crazy_yiuf_cottage, uniq_menkaure, uniq_edmund, uniq_pikel
D:6:      minmay_shop_grid_forest
D:7:      overflow_temple_1_default, kb_xom_exploding_sheep, temple_statues
D:8:      marbit_many_paths, chequers_temple_overflow_statue_of_worship
